 Dungeon Crawl Stone Soup version 0.29.1-13-g9f3cf754e1 (webtiles) character file.

Game seed: 4764783525427853971

68282 cheesebisquit the Brawler (level 14, 0/140 HPs)
             Began as a Troll Fighter on Jan 19, 2023.
             Was a High Priest of Okawaru.
             Shot with an arrow by Nessos (1 damage)
             ... on level 5 of the Lair of Beasts.
             The game lasted 01:33:02 (15837 turns).

cheesebisquit the Brawler (Troll Fighter)          Turns: 15837, Time: 01:33:02

Health: 0/140      AC: 10    Str: 33    XL:     14   Next: 86%
Magic:  19/19      EV:  8    Int:  8    God:    Okawaru [*****.]
Gold:   485        SH: 10    Dex:  9    Spells: 13/13 levels left

rFire   + . .      SeeInvis .     - Unarmed
rCold   + . .      Faith    .   b - +0 kite shield
rNeg    . . .      Spirit   .   C - +0 swamp dragon scales
rPois   +          Reflect  .   (helmet restricted)
rElec   +          Harm     .   R - +0 cloak
rCorr   +          Rampage  .   (gloves unavailable)
Will    +....                   (boots unavailable)
Stlth   ..........              E - amulet of regeneration
HPRegen 1.93/turn               D - +6 ring of strength
MPRegen 0.16/turn               G - ring of flight

@: lethally poisoned (0 -> -10), about to teleport, resistant, flying
A: large, unfitting armour, claws 3, regeneration 1, shaggy fur 1, tough skin 1
a: Renounce Religion, Heroism, Finesse, Duel


You were on level 5 of the Lair of Beasts.
You worshipped Okawaru.
Okawaru was extremely pleased with you.
You visited 3 branches of the dungeon, and saw 19 of its levels.

You collected 1275 gold pieces.
You spent 790 gold pieces at shops.

Inventory:

Missiles
 d - 6 curare-tipped darts
 w - 7 boomerangs (quivered)
 y - 10 javelins
 F - 5 silver javelins
 H - 30 stones
 L - 12 poisoned darts
 M - 10 large rocks
 Q - 11 atropa-tipped darts
 X - 3 datura-tipped darts
Armour
 b - a +0 kite shield (worn)
 C - +0 swamp dragon scales (worn)
 R - a +0 cloak (worn)
Jewellery
 c - a +4 ring of evasion
 g - a ring of poison resistance
 x - a ring of protection from cold
 D - a +6 ring of strength (left claw)
 E - an amulet of regeneration (around neck)
 G - a ring of flight (right claw)
 K - a +6 ring of dexterity
 N - an amulet of the acrobat
 U - an amulet of guardian spirit
Wands
 e - a wand of flame (53)
 u - a wand of iceblast (8)
 v - a wand of polymorph (23)
 W - a wand of digging (8)
 Z - a wand of light (3)
Scrolls
 f - a scroll of fear
 j - 6 scrolls of teleportation
 k - 2 scrolls of magic mapping
 n - 5 scrolls of poison
 q - a scroll of enchant armour
 r - 4 scrolls of immolation
 t - 2 scrolls of fog
 I - 2 scrolls of identify
 J - a scroll of torment {unknown}
 T - a scroll of brand weapon
 V - 2 scrolls of amnesia
 Y - a scroll of silence
Potions
 a - a potion of berserk rage
 h - 2 potions of ambrosia
 i - a potion of degeneration {unknown}
 l - 5 potions of attraction
 m - 3 potions of magic
 o - a potion of heal wounds
 p - 3 potions of resistance
 s - 3 potions of curing
 z - 7 potions of brilliance
 B - a potion of cancellation
 O - 5 potions of mutation
 P - 3 potions of lignification


   Skills:
 + Level 9.5 Fighting
 + Level 12.6 Throwing
 - Level 2.4 Dodging
 - Level 10.0 Shields
 + Level 15.0 Unarmed Combat
 + Level 8.9 Invocations


You had 13 spell levels left.
You didn't know any spells.
Your spell library contained the following spells:

 Spells                   Type           Power      Damage    Failure   Level
 Beastly Appendage        Tmut           0%         N/A       75%         1
 Sandblast                Erth           0%         2d4       75%         1
 Ensorcelled Hibernation  Hex/Ice        0%         N/A       86%         2
 Passwall                 Tmut/Erth      0%         N/A       86%         2
 Static Discharge         Conj/Air       0%         3-3/arc   86%         2
 Wereblood                Tmut           0%         N/A       86%         2
 Conjure Flame            Conj/Fire      0%         6-21      98%         3
 Ignite Poison            Fire/Tmut/Pois 0%         N/A       98%         3
 Portal Projectile        Hex/Tloc       0%         N/A       98%         3
 Spider Form              Tmut/Pois      0%         N/A       98%         3
 Stone Arrow              Conj/Erth      0%         3d7       98%         3
 Swiftness                Air            0%         N/A       98%         3
 Dispel Undead            Necr           0%         3d6       100%        4
 Leda's Liquefaction      Hex/Erth       0%         N/A       100%        4
 Passage of Golubria      Tloc           0%         N/A       100%        4
 Sticky Flame             Conj/Fire      0%         2d3       100%        4
 Iskenderun's Battlesphe  Conj           0%         2d6       100%        5
 Yara's Violent Unravell  Hex/Tmut       0%         3d3       100%        5
 Iron Shot                Conj/Erth      0%         9d1       100%        6
 Call Canine Familiar     Summ           Unusable   N/A       N/A         3
 Tukima's Dance           Hex            Unusable   N/A       N/A         3
 Spellforged Servitor     Conj/Summ      Unusable   N/A       N/A         7

Dungeon Overview and Level Annotations

Branches:
Dungeon (13/15)            Temple (1/1) D:5            Lair (5/5) D:9
 Shoals (0/4) Lair:3       Spider (0/4) Lair:2        Slime (0/5) Lair:4
    Orc (0/2) D:12
 Vaults: D:13-14

Altars:
Ashenzari
Cheibriados
Dithmenos
Elyvilon
Fedhas
Gozag
Hepliaklqana
Kikubaaqudgha
Makhleb
Nemelex Xobeh
Okawaru
Qazlal
Ru
Sif Muna
Trog
Uskayaw
Vehumet
Wu Jian
Xom
Yredelemnul
Zin
The Shining One

Shops:
D:8 **([

Annotations:
Lair:5 Nessos


Innate Abilities, Weirdness & Mutations

You are too large for most types of armour.
You have claws for hands.
Your natural rate of healing is unusually fast.
You are covered in fur. (AC +1)
You have tough skin. (AC +1)


Message History

You block the sea snake's attack.
Nessos shoots an arrow.
The arrow hits you!
* * * LOW HITPOINT WARNING * * *
The arrow burns you.
* * * LOW HITPOINT WARNING * * *
You feel much better.
Nessos shoots an arrow.
You block the arrow. The sea snake bites you!
Nessos shoots an arrow.
You block the arrow.
Nessos shoots an arrow.
The arrow hits you!
* * * LOW HITPOINT WARNING * * *
The arrow burns you.
* * * LOW HITPOINT WARNING * * *
Nessos shoots an arrow.
The arrow completely misses you. The sea snake bites you!
* * * LOW HITPOINT WARNING * * *
As you read the scroll of fog, it crumbles to dust.
The scroll dissolves into smoke.
You block the sea snake's attack.
As you read the scroll of teleportation, it crumbles to dust.
You feel strangely unstable. The sea snake bites you.
* * * LOW HITPOINT WARNING * * *
The sea snake attacks as you move away! The sea snake bites you!
* * * LOW HITPOINT WARNING * * *
Nessos unwields a +1 longbow of flaming.
It stops flaming.
Nessos hits you.
* * * LOW HITPOINT WARNING * * *
Nessos closely misses you. Nessos attacks as you move away!
Nessos hits you but does no damage. Nessos kicks you but does no damage.
Nessos wields a +1 longbow of flaming.
It bursts into flame!
Nessos shoots an arrow.
The arrow hits you!
* * * LOW HITPOINT WARNING * * *
The arrow burns you.
* * * LOW HITPOINT WARNING * * *
You feel much better.
Nessos shoots an arrow.
You block the arrow.
Nessos shoots an arrow.
The arrow hits you!
* * * LOW HITPOINT WARNING * * *
The arrow burns you.
* * * LOW HITPOINT WARNING * * *
Nessos shoots an arrow.
The arrow hits you!
* * * LOW HITPOINT WARNING * * *
The arrow burns you.
You are lethally poisoned!
You die...

...## #.#......#.....##..####.##
..#.# #....# #......####.###..#
...## #....## #P.....###.#....P
#.P# ###$....# #...P...##.....P#
...# .#.#....§###...#............
.... .....$..§§##..#..#.#PP##....
#... #.#....#c§#.†##########...P
####..§§#§S..# ###P. ..
........c§##@.## ##. #.#
.....#.#§.##...# ##
...#.##..#....#.#.## #.
#.#.#...#......##.## ##
....#.##.c.........## #####
#.P..####...........# ##.##.
#....#.#.#..........########.#.#P
.........#..#...#..###.#.#.......
..............##...##........##.P


You could see Nessos (fast) and a sea snake.

Vanquished Creatures
  A fire giant (D:12)
  2 minotaurs (D:11)
  Fannar (Lair:2)
  6 hydras
  2 boulder beetles
  4 two-headed ogres
  8 death yaks
  Amaemon (D:8)
  3 sea snakes (Lair:5)
  A fire crab (D:12)
  A lindwurm (Lair:4)
  Pikel (D:6)
  3 ugly things
  2 manticores (D:12)
  2 cyclopes
  12 elephants
  4 black mambas
  An orange demon (D:8)
  14 cane toads
  A torpor snail (Lair:5)
  Maggie (D:7)
  A gargoyle (D:12)
  A kobold demonologist (D:12)
  An unseen horror (D:10)
  9 komodo dragons
  4 rime drakes
  A freezing wraith (D:12)
  9 yaktaurs (D:11)
  4 trolls
  2 polar bears
  3 hornets
  6 slime creatures (D:12)
  16 blink frogs
  19 dream sheep
  4 jumping spiders (Lair:2)
  2 snapping turtles
  Sigmund (D:3)
  A culicivora (Lair:2)
  A shadow (D:10)
  55 yaks
  5 wyverns
  3 steam dragons
  5 basilisks
  2 vampire mosquitoes (D:10)
  4 redbacks (Lair:2)
  An acid dragon (D:9)
  11 water moccasins
  3 ice beasts
  4 orc warriors
  4 black bears
  2 sky beasts
  10 wolves
  9 centaurs
  4 lemures (D:6)
  5 phantoms
  3 kobold brigands
  12 bullfrogs
  A gnoll sergeant (D:9)
  11 wights
  8 scorpions
  17 killer bees
  7 howler monkeys
  4 electric eels
  A hound (D:5)
  18 orc priests
  3 jellies
  2 iguanas
  10 orc wizards
  20 gnolls
  9 adders
  A shadow imp (D:7)
  4 white imps
  An ufetubus (D:6)
  3 dart slugs
  51 orcs
  6 endoplasms
  A giant cockroach (D:3)
  5 goblins
  5 hobgoblins
  2 jackals (D:2)
  13 kobolds
  8 quokkas
  7 ball pythons
  5 bats
  4 frilled lizards
  5 rats
530 creatures vanquished.

Vanquished Creatures (others)
  An unseen horror (D:11)
  27 fungi
  40 plants
68 creatures vanquished.

Grand Total: 598 creatures vanquished

Notes
Turn   | Place    | Note
-------+----------+-------------------------------------------
     0 | D:1      | cheesebisquit the Troll Fighter began the quest for the
                  | Orb.
     0 | D:1      | Reached XP level 1. HP: 22/22 MP: 0/0
    54 | D:1      | Found a faded altar of an unknown god.
   444 | D:1      | Reached XP level 2. HP: 29/29 MP: 1/1
   935 | D:2      | Reached XP level 3. HP: 36/36 MP: 2/2
  1071 | D:2      | Reached skill level 3 in Unarmed Combat
  1346 | D:3      | Noticed Sigmund
  1365 | D:3      | Killed Sigmund
  1366 | D:3      | Reached skill level 4 in Unarmed Combat
  1366 | D:3      | Reached XP level 4. HP: 10/45 MP: 3/3
  1366 | D:3      | Reached XP level 5. HP: 12/53 MP: 4/4
  1598 | D:3      | Found a snail-covered altar of Cheibriados.
  1636 | D:3      | Reached XP level 6. HP: 52/61 MP: 5/5
  2274 | D:4      | Reached skill level 5 in Unarmed Combat
  2300 | D:4      | HP: 3/62 [orc priest/nerve-wracking pain (12)]
  2350 | D:4      | Noticed a water moccasin
  2500 | D:3      | Killed a water moccasin
  2501 | D:3      | Reached XP level 7. HP: 63/68 MP: 6/6
  2715 | D:4      | Reached skill level 6 in Unarmed Combat
  3018 | D:5      | Entered Level 5 of the Dungeon
  3369 | D:5      | Found a staircase to the Ecumenical Temple.
  3375 | Temple   | Entered the Ecumenical Temple
  3392 | Temple   | Became a worshipper of Warmaster Okawaru
  3420 | D:5      | Reached skill level 1 in Throwing
  3492 | D:5      | Reached XP level 8. HP: 79/79 MP: 7/7
  3658 | D:5      | Reached * piety under Okawaru
  3659 | D:5      | Reached skill level 5 in Shields
  3711 | D:5      | Reached skill level 7 in Unarmed Combat
  3890 | D:6      | Noticed Pikel
  3898 | D:6      | Killed Pikel
  3898 | D:6      | Reached ** piety under Okawaru
  3899 | D:6      | Reached skill level 1 in Invocations
  3967 | D:6      | Reached skill level 5 in Fighting
  3992 | D:6      | Reached XP level 9. HP: 82/88 MP: 9/9
  4301 | D:6      | Reached skill level 8 in Unarmed Combat
  5157 | D:7      | Noticed Maggie
  5164 | D:7      | Killed Maggie
  5165 | D:7      | Reached skill level 5 in Throwing
  5364 | D:7      | Found a sacrificial altar of Ru.
  5473 | D:7      | Reached *** piety under Okawaru
  5492 | D:7      | Identified the +11 spear of Context {vorpal, Drain rElec
                  | rF+ rN+++}
  5517 | D:7      | Reached skill level 9 in Unarmed Combat
  5558 | D:7      | Reached XP level 10. HP: 57/98 MP: 11/11
  5610 | D:7      | Noticed a boulder beetle
  5622 | D:7      | Killed a boulder beetle
  5622 | D:7      | Received a gift from Okawaru
  5683 | D:7      | Found a shimmering altar of Xom.
  5683 | D:7      | Found a shimmering altar of Xom.
  5686 | D:7      | Found a shimmering altar of Xom.
  5686 | D:7      | Found a shimmering altar of Xom.
  5688 | D:7      | Found a shimmering altar of Xom.
  5860 | D:7      | Reached **** piety under Okawaru
  5872 | D:7      | Noticed a torpor snail
  6126 | D:8      | Noticed Amaemon
  6128 | D:8      | Noticed an orange demon
  6144 | D:8      | Killed Amaemon
  6151 | D:8      | Killed an orange demon
  6436 | D:8      | Received a gift from Okawaru
  6471 | D:8      | Reached skill level 10 in Unarmed Combat
  6499 | D:8      | Found Lothaoc's Assorted Antiques.
  6500 | D:8      | Found Vudixt's Antique Weapon Shoppe.
  6500 | D:8      | Found Cousto's Antique Armour Emporium.
  6501 | D:8      | Found Nocwadghehat's General Store.
  6512 | D:8      | Bought a potion of curing for 93 gold pieces
  6512 | D:8      | Bought a small pearl amulet for 155 gold pieces
  6512 | D:8      | Bought a scroll of identify for 62 gold pieces
  6522 | D:8      | Bought a scroll of identify for 26 gold pieces
  6522 | D:8      | Bought 4 stones for 5 gold pieces
  6845 | D:8      | Noticed a two-headed ogre
  6853 | D:8      | Killed a two-headed ogre
  7101 | D:9      | Reached XP level 11. HP: 94/107 MP: 13/13
  7117 | D:8      | Received a gift from Okawaru
  7331 | D:9      | Noticed a +0 dagger
  7331 | D:9      | Noticed a +0 spear
  7333 | D:9      | Noticed a +0 falchion
  7333 | D:9      | Noticed a +0 falchion
  7355 | D:9      | Found a staircase to the Lair.
  7541 | D:9      | Noticed a +0 dagger
  7541 | D:9      | Noticed a +0 spear
  7569 | D:9      | Noticed a +0 short sword
  7570 | D:9      | Noticed a +0 short sword
  7601 | D:9      | Received a gift from Okawaru
  7608 | D:9      | Reached skill level 5 in Invocations
  7640 | D:9      | Found a hide-covered altar of Uskayaw.
  7804 | D:9      | Found an opulent altar of Gozag.
  7957 | D:10     | Entered Level 10 of the Dungeon
  8032 | D:10     | Found a white marble altar of Elyvilon.
  8127 | D:10     | Identified the +1 robe of Noughts and Crosses {MP-9 Dex+7}
  8336 | D:10     | Found a sparkling altar of Nemelex Xobeh.
  8360 | D:10     | Reached skill level 11 in Unarmed Combat
  8486 | D:11     | Noticed a two-headed ogre
  8495 | D:11     | Killed a two-headed ogre
  8514 | D:11     | Found a blossoming altar of Fedhas.
  8657 | D:11     | Noticed a two-headed ogre
  8664 | D:11     | Killed a two-headed ogre
  8664 | D:11     | Received a gift from Okawaru
  8975 | D:11     | Noticed a green ugly thing
  8980 | D:11     | Killed a green ugly thing
  8980 | D:11     | Reached ***** piety under Okawaru
  9004 | D:11     | Noticed a boulder beetle
  9151 | D:11     | Received a gift from Okawaru
  9152 | D:11     | Reached XP level 12. HP: 75/118 MP: 13/15
  9171 | D:11     | Killed a boulder beetle
  9403 | D:11     | Noticed a death yak
  9404 | D:11     | Noticed a minotaur
  9412 | D:11     | Killed a death yak
  9414 | D:11     | Noticed a death yak
  9416 | D:11     | Killed a minotaur
  9417 | D:11     | Received a gift from Okawaru
  9426 | D:11     | Killed a death yak
  9427 | D:11     | Reached skill level 12 in Unarmed Combat
  9551 | D:11     | Noticed a death yak
  9552 | D:11     | Noticed a minotaur
  9552 | D:11     | Noticed a death yak
  9562 | D:11     | Killed a minotaur
  9565 | D:11     | Killed a death yak
  9572 | D:11     | Killed a death yak
  9912 | D:8      | Bought a potion of haste for 130 gold pieces
  9912 | D:8      | Bought a scroll of fear for 52 gold pieces
  9912 | D:8      | Bought a scroll of fog for 52 gold pieces
  9912 | D:8      | Bought a wand of light (3) for 163 gold pieces
  9912 | D:8      | Bought a scroll of fog for 52 gold pieces
 10007 | D:12     | Found a staircase to the Orcish Mines.
 10150 | D:12     | Noticed a six-headed hydra
 10156 | D:12     | Killed a six-headed hydra
 10159 | D:12     | Noticed a two-headed ogre
 10161 | D:12     | Killed a two-headed ogre
 10161 | D:12     | Received a gift from Okawaru
 10232 | D:12     | Reached skill level 10 in Throwing
 10358 | D:12     | You are sucked into a shaft and drop 1 floor!
 10507 | D:12     | Received a gift from Okawaru
 10530 | D:12     | Identified the +3 whip "Murmur" {vorpal, Str+4}
 10543 | D:12     | Noticed a four-headed hydra
 10546 | D:12     | Killed a four-headed hydra
 10574 | D:12     | Reached XP level 13. HP: 127/127 MP: 17/17
 10804 | D:12     | Received a gift from Okawaru
 10848 | D:12     | Noticed a fire giant
 10859 | D:12     | Killed a fire giant
 10859 | D:12     | Received a gift from Okawaru
 10860 | D:12     | Reached skill level 13 in Unarmed Combat
 11137 | Lair:1   | Entered Level 1 of the Lair of Beasts
 11382 | Lair:1   | Received a gift from Okawaru
 11606 | Lair:1   | Reached ****** piety under Okawaru
 12003 | Lair:2   | Received a gift from Okawaru
 12117 | Lair:2   | Received a gift from Okawaru
 12157 | Lair:2   | Found a hole to the Spider Nest.
 12513 | Lair:2   | Noticed Fannar
 12522 | Lair:2   | Killed Fannar
 12524 | Lair:2   | Received a gift from Okawaru
 12718 | Lair:2   | Received a gift from Okawaru
 13022 | Lair:3   | Reached skill level 14 in Unarmed Combat
 13022 | Lair:3   | Reached XP level 14. HP: 137/137 MP: 18/18
 13100 | Lair:3   | Received a gift from Okawaru
 13302 | Lair:3   | Found a staircase to the Shoals.
 13543 | Lair:3   | Received a gift from Okawaru
 14157 | Lair:4   | Received a gift from Okawaru
 14479 | Lair:4   | Found a staircase to the Slime Pits.
 14584 | Lair:4   | Received a gift from Okawaru
 14970 | Lair:5   | Entered Level 5 of the Lair of Beasts
 15105 | Lair:5   | Reached skill level 10 in Shields
 15183 | Lair:5   | Received a gift from Okawaru
 15267 | Lair:5   | Received a gift from Okawaru
 15480 | Lair:5   | Noticed Nessos
 15581 | Lair:5   | Identified the +0 animal skin "Reoxoatz" {rElec Str+4 SInv}
                  | (Okawaru gifted it to you on level 5 of the Lair of Beasts)
 15581 | Lair:5   | Received a gift from Okawaru
 15582 | Lair:5   | Reached skill level 15 in Unarmed Combat
 15836 | Lair:5   | HP: 4/140 [Nessos/arrow (9)]
 15837 | Lair:5   | HP: 1/140 [Nessos/arrow (12)]
 15837 | Lair:5   | Shot with an arrow by Nessos

Illustrated notes

Levels and vault maps discovered:
D:1:      matt_arrival_refuge, layout_basic,
          hellmonk_ecumenical_altar_pennies_from_heaven
D:2:      layout_basic
D:3:      layout_basic, mainiacjoe_overflow_tiny_flanked, uniq_sigmund
D:4:      layout_cave_pools, minmay_splitting_lines
D:5:      layout_cave_pools, minmay_temple_entry_enclosed_plants
D:6:      layout_cave_pods, chequers_serial_rivers_large_a,
          minmay_tree_intersection, uniq_pikel
D:7:      layout_loops_ring, xom_shifter_show,
          mainiacjoe_overflow_concentric_impassable, nzn_random_ring,
          uniq_maggie
D:8:      layout_rooms, nicolae_wooded_promenade,
          minmay_fractal_squares_gapless_5, uniq_amaemon
D:9:      layout_rooms, grunt_gozag_statues, nicolae_uskayaw_en_pointe,
          grunt_lair_entry_orc_guard_hut, kennysheep_crisscross,
          corexii_checkpoint_a
D:10:     layout_rooms, nicolae_elyvilon_peaceful_grove,
          nemelex_xobeh_ov_fountains_minmay
D:11:     fort_yaktaur, layout_rooms, fedhas_altar_2
D:12:     layout_loops_ring, orc_0_dummy, minmay_evil_grid
D:13:     layout_basic, david_vaults_2, portal_ice_cave_entry_imps,
          minmay_checkered_concentric_circles, uniq_josephine
Temple:   hellmonk_temple_two_chambers
Lair:1:   layout_long_grid
Lair:2:   layout_long_grid, nicolae_spider_entry_tight_spaces,
          beast_lair_carwin_9, serial_bayou_shore_b, uniq_fannar
Lair:3:   layout_regular_city, minmay_shoals_entry_hut
Lair:4:   wander_river, layout_regular_city, slime_entry_1, grunt_megastairs_3
Lair:5:   gammafunk_lair_ancient_temple, layout_loops_ring, uniq_nessos

Skill      XL: |  1  2  3  4  5  6  7  8  9 10 11 12 13 14 |
---------------+-------------------------------------------+-----
Shields        | 3 4 5 6 7 8 9 10 | 10.0
Unarmed Combat | 4 5 6 7 9 10 11 12 14 15 | 15.0
Fighting       | 3 4 5 6 7 8 9 |  9.5
Throwing       | 1 3 5 7 8 10 11 12 | 12.6
Invocations    | 1 3 4 5 6 7 8 |  8.9
Dodging        | |  2.4

Action                   |  1- 3 |  4- 6 |  7- 9 | 10-12 | 13-15 || total
-------------------------+-------+-------+-------+-------+-------++-------
Melee: Unarmed           |    88 |   121 |   284 |   298 |   379 ||  1170
Throw: Stone             |    21 |    11 |    32 |    15 |    25 ||   104
       Dart              |       |     9 |    36 |    57 |    18 ||   120
       Throwing net      |       |     6 |       |     1 |       ||     7
       Boomerang         |       |       |   131 |   153 |   116 ||   400
       Javelin           |       |       |       |    26 |    13 ||    39
       Large rock        |       |       |       |    53 |   126 ||   179
Invok: Heroism           |       |       |     5 |    23 |    28 ||    56
       Finesse           |       |       |       |     4 |     8 ||    12
  Use: Potion            |     1 |     3 |     2 |     8 |    14 ||    28
       Scroll            |       |     6 |     4 |    11 |    11 ||    32
Armor: Robe              |    23 |     6 |       |       |       ||    29
       Steam dragon scal |       |    59 |    80 |       |       ||   139
       Swamp dragon scal |       |       |    26 |   136 |   129 ||   291
Dodge: Dodged            |    34 |    46 |    94 |   192 |   108 ||   474
Block: Kite shield       |    31 |    54 |   120 |   218 |   175 ||   598
